cohdb
Replays
Latest Replays
All Replays
Popular Replays
Top Player Replays
Match Explorer
How It Works
Community
CoH3 Stats
Reddit
Sign in to upload your games and track your stats! →
Sign in with Steam
Match 45759504
Unlisted
Match 45759504
Overview
Messages
Build Orders
End
Kradschützen Motorcycle Team
Selects Italian Infantry
Panzergrenadier Squad
Panzergrenadier Squad
Construct Light Support Kompanie
MG34 Team
Panzerjäger Mechanized Group
Selects Guastatori Squad
Guastatori Squad
Panzerjäger Squad
Selects L6/40 Light Tank Combat Group
Selects Towed Cannone da 105/28 Field Howitzer
Towed Cannone da 105/28 Field Howitzer
Selects Defensive Operations
Fire Support Elements
Orzeuł
oziligath
0
0
Comments
sign in to comment!
No comments posted yet!